Map: 2000 Atmospheres LE

Players

HeroMarine

  • Race: Terran Terran

Clem - Winner!

  • Race: Terran Terran

Event: DreamHack SC2 Masters 2021 Fall

VOD

Have the link to the VOD?

Description

Time

  • Played on: Aug. 15, 2021, 12:04 p.m.
  • Length: 8:45

All games in this series

Show
View Real Time Build Order
Export as new Build Order

HeroMarine Terran 

Build Orders:  

Get SALT Encoding   

  12  0:00  SCV  
  13  0:12  SCV  
  14  0:17  Supply Depot  
  14  0:24  SCV  
  15  0:38  SCV  
  15  0:40  Barracks  
  16  0:42  Refinery  
  16  0:50  SCV  
  16  0:52  Refinery  
  17  1:02  SCV  
  18  1:15  SCV  
  19  1:27  Reaper, Orbital Command  
  19  1:28  Supply Depot  
  20  1:40  Factory  
  20  1:52  SCV  
  21  1:59  Barracks Reactor  
  21  2:04  SCV  
  22  2:16  SCV  
  22  2:20  Command Center  
  23  2:25  Hellion  
  23  2:28  SCV  
  26  2:35  Reaper x2  
  28  2:39  Supply Depot  
  28  2:40  SCV  
  29  2:47  Hellion  
  31  2:59  Starport  
  31  3:00  SCV  
  32  3:07  Reaper x2  
  32  3:11  Hellion  
  32  3:12  SCV  
  37  3:21  Refinery  
  37  3:24  SCV  
  38  3:32  Orbital Command  
  38  3:36  SCV  
  38  3:39  Marine x2, Factory Tech Lab  
  38  3:40  Starport Tech Lab  
  39  3:49  SCV  
  40  3:58  Marine x2, Cyclone  
  47  4:03  Supply Depot  
  47  4:04  Raven  
  47  4:05  SCV  
  47  4:06  SCV  
  49  4:16  Marine x2  
  51  4:17  SCV  
  51  4:18  SCV  
  53  4:24  Supply Depot  
  53  4:29  SCV  
  53  4:30  Cyclone  
  53  4:31  SCV  
  58  4:34  Marine x2  
  60  4:41  SCV  
  60  4:43  SCV  
  62  4:47  Raven, Supply Depot  
  61  4:54  SCV  
  61  4:55  SCV  
  61  4:56  Marine x2  
  62  5:03  Siege Tank  
  62  5:06  SCV  
  66  5:07  SCV  
  64  5:16  Command Center  
  64  5:18  Marine, SCV  
  64  5:19  SCV  
  64  5:20  Marine  
  68  5:30  SCV  
  68  5:31  SCV  
  68  5:33  Supply Depot  
  68  5:35  Siege Tank  
  73  5:42  SCV  
  74  5:43  Viking x2  
  78  5:51  Refinery  
  78  5:54  Marine, SCV x2  
  81  5:57  Supply Depot  
  81  6:07  SCV  
  81  6:08  SCV  
  81  6:13  Viking, Siege Tank  
  86  6:18  Viking  
  86  6:20  Marine, Supply Depot  
  86  6:22  SCV x2  
  91  6:33  Barracks  
  91  6:35  SCV x2, Barracks  
  91  6:38  Marine  
  94  6:45  Siege Tank  
  95  6:50  SCV x2  
  96  6:57  SCV  
  96  7:02  SCV  
  96  7:04  Viking x2  
  96  7:06  SCV  
  87  7:10  SCV  
  72  7:18  Marine  
  61  7:24  SCV x2  
  60  7:32  Orbital Command  
  60  7:34  Viking x2  
  60  7:36  Marine, SCV x2  
  64  7:48  SCV x2  
  62  8:00  SCV x2, Barracks Tech Lab, Siege Tank  
  62  8:05  SCV  
  63  8:12  SCV x2  
  65  8:16  Barracks  
  65  8:17  SCV, Barracks, Starport Reactor  
  66  8:24  SCV x2  
  68  8:28  Engineering Bay x2  
  68  8:29  SCV  
Show
View Real Time Build Order
Export as new Build Order

Clem Terran - Winner!

Build Orders: Cyclone Opening 

Get SALT Encoding   

  12  0:00  SCV  
  13  0:12  SCV  
  14  0:16  Supply Depot  
  14  0:24  SCV  
  15  0:38  SCV  
  15  0:39  Barracks  
  16  0:44  Refinery  
  16  0:50  SCV  
  16  0:52  Refinery  
  17  1:02  SCV  
  18  1:14  SCV  
  19  1:26  Reaper, Orbital Command  
  19  1:27  Supply Depot  
  20  1:40  Factory  
  20  1:52  SCV  
  21  1:59  Barracks Tech Lab  
  21  2:04  SCV  
  22  2:15  Command Center  
  22  2:18  SCV  
  23  2:30  SCV  
  23  2:33  Cyclone  
  27  2:40  Starport  
  27  2:42  SCV  
  28  2:44  Supply Depot  
  28  2:54  SCV  
  29  3:05  Refinery, Barracks Tech Lab  
  29  3:06  Cyclone  
  29  3:07  SCV  
  33  3:19  SCV  
  34  3:26  Banshee  
  37  3:28  Orbital Command  
  37  3:31  SCV  
  40  3:43  SCV, Mag-Field Accelerator  
  40  3:47  Supply Depot  
  38  3:53  Cyclone  
  38  3:54  SCV  
  42  3:55  SCV  
  43  4:06  SCV  
  43  4:07  SCV  
  45  4:17  Raven  
  45  4:18  SCV  
  45  4:20  SCV  
  45  4:22  Command Center  
  49  4:24  Barracks Reactor  
  49  4:30  SCV  
  50  4:32  SCV  
  51  4:39  Siege Tank  
  51  4:42  SCV  
  51  4:44  SCV  
  51  4:45  Supply Depot  
  56  4:54  SCV  
  56  4:56  SCV  
  58  5:00  Supply Depot  
  58  5:01  Marine x2  
  58  5:03  Raven  
  58  5:06  SCV  
  63  5:08  SCV  
  63  5:11  Barracks  
  63  5:12  Barracks  
  63  5:13  Supply Depot  
  64  5:18  SCV, Cyclone  
  64  5:20  SCV  
  63  5:23  Refinery  
  63  5:26  Supply Depot  
  63  5:27  Marine x2  
  65  5:30  SCV  
  65  5:32  SCV  
  67  5:39  Engineering Bay  
  67  5:40  Engineering Bay  
  67  5:43  SCV  
  67  5:44  SCV  
  69  5:52  Starport Reactor  
  69  5:53  Siege Tank  
  69  5:55  SCV  
  74  5:57  Marine, Stimpack  
  74  5:59  Orbital Command  
  74  6:03  Barracks Reactor x2  
  74  6:10  Terran Infantry Weapons Level 1  
  74  6:11  SCV  
  75  6:14  SCV  
  75  6:15  Marine, Terran Infantry Armor Level 1  
  75  6:16  Marine  
  75  6:17  Marine  
  79  6:23  SCV  
  80  6:26  SCV  
  80  6:27  Supply Depot  
  80  6:28  Siege Tank  
  85  6:33  Marine  
  85  6:34  Marine x2  
  85  6:35  SCV  
  89  6:41  Viking  
  89  6:44  Marine, Viking  
  89  6:45  Marine  
  94  6:50  Marine  
  94  6:52  Marine x2  
  94  6:57  Orbital Command  
  92  7:02  Marine x2  
  92  7:05  Siege Tank  
  61  7:08  Marine  
  61  7:10  Marine x2  
  61  7:14  SCV  
  58  7:16  SCV  
  58  7:20  Marine x2  
  58  7:25  Orbital Command  
  58  7:26  Marine  
  58  7:28  Marine, SCV  
  61  7:31  Marine  
  61  7:37  SCV  
  63  7:38  Marine  
  64  7:44  Marine  
  64  7:46  Marine  
  64  7:48  SCV  
  64  7:49  SCV  
  68  7:53  SCV  
  69  8:00  Siege Tank  
  69  8:03  Marine x2  
  74  8:06  SCV  
  74  8:09  SCV  
  76  8:15  SCV  
  76  8:18  SCV  
  78  8:21  Marine, SCV  
  78  8:26  Marine x2  
  82  8:33  SCV  

Tags
 
Add a new tag
Caveats
  • Supply blocks, unpowered buildings, or Contaminate may cause inaccurate times.
  • Supply counts are checked every 10 seconds.